 Dungeon Crawl Stone Soup version 0.28.0-43-g3370ac3207 (webtiles) character file.

Game seed: 13796371630246944142

347 pkoi the Firebug (level 6, 0/45 HPs)
             Began as a Draconian Fire Elementalist on Mar 1, 2022.
             Slain by a quasit (2 damage)
             ... summoned by Eustachio
             ... on level 4 of the Dungeon.
             The game lasted 00:06:23 (4994 turns).

pkoi the Firebug (Draconian Fire Elementalist)      Turns: 4994, Time: 00:06:24

Health: 0/45       AC:  6    Str: 11      XL:     6   Next: 33%
Magic:  2/10       EV: 11    Int: 17      God:
Gold:   103        SH:  0    Dex:  7 (11) Spells: 8/11 levels left

rFire   . . .      SeeInvis .   b - +0 short sword
rCold   . . .      Faith    .   (no shield)
rNeg    . . .      Spirit   .   (armour unavailable)
rPois   .          Reflect  .   (helmet restricted)
rElec   .          Harm     .   (no cloak)
rCorr   .          Rampage  .   (no gloves)
Will    .....                   (no boots)
Stlth   +.........              (no amulet)
HPRegen 0.15/turn               (no ring)
MPRegen 0.12/turn               (no ring)

@: brilliant
A: AC +6, unfitting armour, cold-blooded
a: no special abilities


You were on level 4 of the Dungeon.
You visited 1 branch of the dungeon, and saw 4 of its levels.

You collected 103 gold pieces.

Inventory:

Hand Weapons
 b - a +0 short sword (weapon)
Potions
 c - 2 potions of brilliance
 e - 2 potions of flight


   Skills:
 - Level 1.7 Dodging
 - Level 1.7 Stealth
 + Level 3.2 Spellcasting
 * Level 4.1 Conjurations
 * Level 5.0 Fire Magic


You had 8 spell levels left.
You knew the following spells:

 Your Spells              Type           Power      Damage    Failure   Level
a - Foxfire               Conj/Fire      100%       2x1d9     2%          1
b - Scorch                Fire           60%        2d8       3%          2

Your spell library contained the following spells:

 Spells                   Type           Power      Damage    Failure   Level
 Magic Dart               Conj           100%       1d8       3%          1
 Shock                    Conj/Air       56%        1d6       8%          1
 Conjure Flame            Conj/Fire      27%        6-21      8%          3
 Animate Skeleton         Necr           8%         N/A       17%         1
 Apportation              Tloc           8%         N/A       17%         1
 Summon Small Mammal      Summ           16%        N/A       17%         1
 Inner Flame              Hex/Fire       17%        N/A       19%         3
 Call Imp                 Summ           4%         N/A       26%         2
 Flame Wave               Conj/Fire      27%        2d7       26%         4
 Mephitic Cloud           Conj/Pois/Air  11%        N/A       28%         3
 Swiftness                Air            4%         N/A       45%         3
 Airstrike                Air            2%         N/A       86%         4


Dungeon Overview and Level Annotations

Branches:
Dungeon (4/15)
 Temple: D:4-7

Altars:
Elyvilon
Kikubaaqudgha
Xom

Shops:
D:2 *

Annotations:
D:4 1 transporter, Eustachio; math4jedi's ghost, amateur HOFi


Innate Abilities, Weirdness & Mutations

Your plain brown scales are hard. (AC +6)
You cannot fit into any form of body armour.
You are cold-blooded and may be slowed by cold attacks.


Message History

You feel clumsy. The quasit closely misses you. The quasit barely misses you.
Eustachio gestures wildly while chanting.
Eustachio blinks!
The shadow imp closely misses you.
Unknown command.
Unknown command.
The bat hits you but does no damage. The rat bites you but does no damage.
Casting: Foxfire (safe; 2% risk of failure)
Press: ? - help, Q - select action, (/) - cycle Dir - look around, f - activate You conjure some foxfire!
The foxfire hits the bat but does no damage.
The quasit bites you but does no damage.
The quasit barely misses you. x2; The bat closely misses you.
The quasit bites you but does no damage.
The quasit closely misses you. The quasit claws you.
* * * LOW HITPOINT WARNING * * *
You feel clumsy. The shadow imp misses you. The rat bites you.
* * * LOW HITPOINT WARNING * * *
Eustachio gestures wildly while chanting.
The bat disappears in a puff of smoke!
The foxfire hits the quasit but does no damage.
The quasit is moderately wounded.
The bat hits you but does no damage. Eustachio closely misses you.
There is a stone staircase leading down here.
Unknown command.
You aren't carrying any items that you can evoke.
It was a potion of brilliance.
You feel clever all of a sudden. The bat hits you but does no damage.
The quasit closely misses you. The quasit barely misses you.
The quasit claws you but does no damage.
Eustachio closely misses you. The bat hits you but does no damage.
The quasit bites you.
* * * LOW HITPOINT WARNING * * *
The quasit closely misses you.
The quasit claws you but does no damage.
Eustachio gestures wildly while chanting.
Eustachio blinks!
The quasit bites you.
You die...

..... ##.....##.#
...... #....###..#.. ..
.#######.##..#.....#
##.....#.........#
##.............##.#
#............r..).###
#...........§b5§....#
#...........r5>.###...#
#............@r.# ###
#...............#
#...............#
##..........<..##
##.....#.....##
#############


You could see a quasit (summoned), a river rat (summoned), a shadow imp
(summoned), a quokka (summoned), a bat (summoned) and a rat (summoned).

Vanquished Creatures
  An ogre (D:3)
  A phantom (D:4)
  A hound (D:2)
  An iguana (D:4)
  An orc wizard (D:3)
  4 gnolls (D:4)
  2 adders
  2 worms
  A dart slug (D:2)
  3 orcs (D:3)
  2 endoplasms
  A giant cockroach (D:2)
  6 goblins
  6 hobgoblins
  4 jackals
  A quokka (D:1)
  9 ball pythons
  3 frilled lizards
  4 kobolds
  A quokka skeleton (D:4)
  3 rats
57 creatures vanquished.

Vanquished Creatures (others)
  174 foxfires
174 creatures vanquished.

Grand Total: 231 creatures vanquished

Notes
Turn   | Place    | Note
-------+----------+-------------------------------------------
     0 | D:1      | pkoi the Draconian Fire Elementalist began the quest for
                  | the Orb.
     0 | D:1      | Reached XP level 1. HP: 14/14 MP: 3/3
   262 | D:1      | Found a faded altar of an unknown god.
   901 | D:1      | Reached XP level 2. HP: 20/20 MP: 1/5
  1479 | D:2      | Reached XP level 3. HP: 26/26 MP: 0/6
  1485 | D:2      | Learned a level 2 spell: Scorch
  1980 | D:2      | Found Doystraf's General Store.
  1991 | D:2      | Reached XP level 4. HP: 30/33 MP: 4/7
  2825 | D:3      | Reached skill level 4 in Fire Magic
  2956 | D:3      | You fall into a shaft and drop 1 floor!
  2963 | D:3      | Found an ancient bone altar of Kikubaaqudgha.
  2963 | D:3      | Found a white marble altar of Elyvilon.
  2966 | D:3      | Found a shimmering altar of Xom.
  3165 | D:4      | Reached XP level 5. HP: 38/38 MP: 2/9
  3484 | D:4      | Found a transporter.
  3486 | D:4      | Noticed math4jedi's ghost (amateur HOFi)
  3969 | D:4      | Noticed a phantom
  3976 | D:4      | Killed a phantom
  4050 | D:4      | Noticed Eustachio
  4051 | D:4      | Noticed an ogre
  4100 | D:3      | Reached XP level 6. HP: 7/45 MP: 8/10
  4693 | D:3      | Reached skill level 5 in Fire Magic
  4994 | D:4      | HP: 2/45 [quasit[Eustachio] (1)]
  4994 | D:4      | Slain by a quasit

Illustrated notes

Levels and vault maps discovered:
D:1:      dpeg_arrival_pits, layout_basic, nicolae_ecumenical_snake_handling,
          hangedman_decor_push
D:2:      layout_loops_ring, serial_shops, shop
D:3:      layout_loops_corners, nicolae_qazlal_general_emergency,
          nicolae_overflow_hidden_temple, minmay_quantized
D:4:      layout_rooms, gammafunk_ghost_stat_death, uniq_pikel, uniq_eustachio

Skill      XL: |  1  2  3  4  5  6 |
---------------+-------------------+-----
Conjurations   | 2 3 4 |  4.1
Fire Magic     | 4 5 |  5.0
Spellcasting   | 3 |  3.2
Dodging        | |  1.7
Stealth        | |  1.7

Action                   |  1- 3 |  4- 6 || total
-------------------------+-------+-------++-------
Melee: Unarmed           |     3 |       ||     3
       Short sword       |    23 |    18 ||    41
       Tailslap          |     2 |     3 ||     5
 Cast: Foxfire           |    48 |    62 ||   110
       Scorch            |     2 |    10 ||    12
  Use: Scroll            |       |     6 ||     6
       Potion            |       |     1 ||     1
Armor: Skin              |     9 |    35 ||    44
Dodge: Dodged            |    25 |    67 ||    92
